 Dungeon Crawl Stone Soup version 0.20-a0-1122-gb7cbeb9 (webtiles) character file.

183 MenacingMecha the Poker (level 5, -1/38 HPs)
             Began as a Merfolk Gladiator on May 12, 2017.
             Killed from afar by Natasha (4 damage)
             ... with a wand of flame (?/48)
             ... on level 3 of the Dungeon.
             The game lasted 00:05:52 (2861 turns).

MenacingMecha the Poker (Merfolk Gladiator)         Turns: 2861, Time: 00:05:52

Health: -1/38      AC:  7    Str: 15    XL:     5   Next: 62%
Magic:  5/5        EV: 11    Int:  8    God:
Gold:   147        SH:  0    Dex: 15    Spells: 4/4 levels left

rFire    . . .     SeeInvis .   m - +2 dagger (elec)
rCold    . . .     Gourm    .   (no shield)
rNeg     . . .     Faith    .   t - +0 scale mail
rPois    .         Spirit   .   c - +0 helmet
rElec    .         Reflect  .   (no cloak)
rCorr    .         Harm     .   (no gloves)
MR       .....                  (no boots)
Stlth    ..........             (no amulet)
Regen    0.2/turn               (no ring)
MPRegen  0.1/turn               (no ring)

@: no status effects
A: change form in water, swift swim, stealthy swim
a: no special abilities


You were on level 3 of the Dungeon.
You were not hungry.

You visited 1 branch of the dungeon, and saw 4 of its levels.

You collected 147 gold pieces.

Inventory:

Hand Weapons
 a - a +0 trident
 m - a +2 dagger of electrocution (weapon)
   (You took it off a goblin on level 3 of the Dungeon)
 o - a +2 whip of electrocution
   (You took it off a kobold on level 2 of the Dungeon)
Missiles
 d - 3 throwing nets
Armour
 c - a +0 helmet (worn)
 t - a +0 scale mail (worn)
   (You took it off Ijyb on level 3 of the Dungeon)
Jewellery
 h - a +4 ring of dexterity {unknown}
   (You found it on level 1 of the Dungeon)
 r - an uncursed ring of ice {unknown}
   (You found it on level 2 of the Dungeon)
 w - an uncursed ring of protection from fire {unknown}
   (You found it on level 4 of the Dungeon)
Wands
 s - a wand of flame (31/48)
   (You took it off Ijyb on level 3 of the Dungeon)
Scrolls
 b - a scroll of immolation {unknown}
 e - a scroll of fog {unknown}
 g - 3 scrolls of recharging {unknown}
 k - a scroll of random uselessness {unknown}
 n - a scroll of remove curse {unknown}
 v - a scroll of blinking {unknown}
 y - a scroll of identify {unknown}
Potions
 i - 3 potions of might
 j - a potion of magic {unknown}
 p - a potion of degeneration {unknown}
 u - a potion of brilliance {unknown}
Books
 q - a book of Cantrips
   (You found it on level 2 of the Dungeon)
Comestibles
 f - a bread ration
 l - 2 royal jellies
 x - 5 chunks of flesh


   Skills:
 - Level 2.1 Fighting
 + Level 4.3 Short Blades
 - Level 6.8 Polearms
 - Level 2.0 Throwing
 - Level 4.0 Dodging


You had 4 spell levels left.
You didn't know any spells.

Dungeon Overview and Level Annotations

Branches:
Dungeon (4/15)
 Temple: D:4-7

Altars:
Hepliaklqana
Yredelemnul

Annotations:
D:3 Natasha; Shimatora's ghost, amateur OpVM
D:4 MenacingMecha's ghost, amateur DDFi


Message History

The ball python hisses angrily.
The goblin closely misses you.
You barely miss the goblin. The goblin misses you.
You closely miss the goblin. The goblin hits you but does no damage.
You hit the goblin. Lightning courses through the goblin!
You kill the goblin!
You hit the ball python.
You kill the ball python!
You see here a ball python corpse.
You butcher the ball python corpse.
x - 3 chunks of flesh Eating one of 3 chunks of flesh.
You eat one of the 3 chunks of flesh.
This raw flesh tastes terrible.
Marking area around Natasha as unsafe for travelling.
A kobold and Natasha come into view.
The kobold shouts!
Natasha moves out of view.
A frilled lizard comes into view.
Natasha stares at you and mumbles some strange words.
You resist with some effort.
Natasha stares at you and mumbles some strange words.
The magic dart hits you!
The frilled lizard bites you but does no damage.
Natasha claws you.
You hit Natasha.
Natasha is lightly wounded.
The frilled lizard bites you but does no damage.
Natasha claws you but does no damage.
You hit Natasha. Lightning courses through Natasha!
You kill Natasha!
Natasha growls in agony!
Your Short Blades skill increases to level 4!
The frilled lizard barely misses you.
You hit the kobold but do no damage.
The frilled lizard bites you but does no damage.
You completely miss the kobold. The kobold hits you but does no damage.
The frilled lizard barely misses you.
You closely miss the kobold. The kobold hits you but does no damage.
You hit the kobold but do no damage. The frilled lizard barely misses you.
The kobold hits you with a short sword.
You hit the kobold.
The kobold is heavily wounded.
The frilled lizard bites you but does no damage.
The kobold hits you but does no damage.
You hit the kobold but do no damage. Lightning courses through the kobold!
You kill the kobold!
The frilled lizard bites you.
You barely miss the frilled lizard.
The frilled lizard bites you but does no damage.
You barely miss the frilled lizard. You hit the frilled lizard.
Lightning courses through the frilled lizard!
You kill the frilled lizard!
You see here a frilled lizard corpse.
You butcher the frilled lizard corpse.
x - 3 chunks of flesh (gained 1)
You see here a frilled lizard skeleton.
Things that are here:
a short sword; a kobold corpse; the felid corpse of Natasha You butcher the felid corpse of Natasha.
x - 5 chunks of flesh (gained 2)
Things that are here:
a short sword; a kobold corpse; the felid skeleton of Natasha You start resting.
HP restored.
You see here a frilled lizard skeleton.
Found a hazy altar of Hepliaklqana.
y - a scroll labeled EXZUEFF IGEMO You see here a hand axe.
You now have 136 gold pieces (gained 8).
You now have 147 gold pieces (gained 11).
Natasha, Servant of Life and Death comes into view.
You see here a robe.
Natasha howls an incantation.
You feel troubled.
Natasha zaps a wand.
The puff of flame hits you!
It is a wand of flame (?/48).
Natasha stares at you and mumbles some strange words.
The magic dart hits you!
You closely miss Natasha.
Natasha zaps a wand.
The puff of flame hits you!
Your scale mail prevents you from hitting Natasha.
Natasha casts a spell at you. The magic dart hits you!
You hit Natasha.
Natasha is lightly wounded.
You closely miss Natasha.
Natasha is lightly wounded.
Natasha zaps a wand.
The puff of flame hits you!
* * * LOW HITPOINT WARNING * * *
You completely miss Natasha.
Natasha is lightly wounded.
Natasha zaps a wand.
The puff of flame hits you!
* * * LOW HITPOINT WARNING * * *
You hit Natasha.
Natasha is moderately wounded.
Natasha claws you.
* * * LOW HITPOINT WARNING * * *
You hit Natasha.
Natasha is heavily wounded.
Natasha zaps a wand.
The puff of flame hits you!
You die...

.....#............# #..#....
.....#............# #...#..#
.....#>...........# ##...##.
.....#............# ##...###
.....#..........[.# #..#...#
..............#.#.# #.#.#...
.....###.#.####.#.# .. #..#..r.
#....###.#......#.# #.# ##......
......##.########@# ##.####.....#
#####.##..<...(..h# #....##K#....
....#.......####..# #....##W#####
.##....)....>.....# #....##.<....
.##########...##.######....########
.#.. .................K.[..... .#.#
#...#..######....######## .#.#
#...#....)[......# .#.#
#...#####.####..##


You could see Natasha.

Vanquished Creatures
  A hound (D:4)
  Ijyb (D:3)
  Natasha (D:3)
  3 adders
  A worm (D:3)
  A dart slug (D:3)
  2 leopard geckos (D:2)
  4 orcs (D:3)
  6 giant cockroaches
  8 goblins
  5 hobgoblins
  3 jackals (D:3)
  2 ball pythons (D:3)
  8 bats
  5 frilled lizards
  10 kobolds
  5 rats
66 creatures vanquished.

Notes
Turn   | Place    | Note
-------+----------+-------------------------------------------
     0 | D:1      | MenacingMecha the Merfolk Gladiator began the quest for the Orb.
     0 | D:1      | Reached XP level 1. HP: 16/16 MP: 1/1
   105 | D:1      | Reached skill level 5 in Polearms
   159 | D:1      | Reached XP level 2. HP: 22/22 MP: 2/2
   913 | D:2      | Reached skill level 6 in Polearms
   913 | D:2      | Reached XP level 3. HP: 27/27 MP: 3/3
  1853 | D:3      | Reached XP level 4. HP: 33/33 MP: 4/4
  1877 | D:3      | Noticed Ijyb
  1887 | D:3      | Killed Ijyb
  1887 | D:3      | Reached skill level 2 in Short Blades
  2110 | D:3      | Found a faded altar of an unknown god.
  2132 | D:3      | Noticed Shimatora's ghost (amateur OpVM)
  2275 | D:4      | Reached skill level 3 in Short Blades
  2275 | D:4      | Reached XP level 5. HP: 35/38 MP: 5/5
  2298 | D:4      | Found a basalt altar of Yredelemnul.
  2367 | D:4      | Noticed MenacingMecha's ghost (amateur DDFi)
  2666 | D:3      | Noticed Natasha
  2676 | D:3      | Killed Natasha
  2676 | D:3      | Reached skill level 4 in Short Blades
  2795 | D:3      | Found a hazy altar of Hepliaklqana.
  2851 | D:3      | Noticed Natasha
  2859 | D:3      | HP: 8/38 [Natasha/wand of flame (?/48) (3)]
  2860 | D:3      | HP: 3/38 [Natasha (5)]
  2861 | D:3      | Killed from afar by Natasha

Vault maps used:
D:1:      minmay_arrival_open_corners, dk_noncrumbling_2
D:3:      old_standard_altar, chequers_ecumenical_altar_simple_redux,
          hangedman_decor_slide_cut, uniq_ijyb, uniq_natasha
D:4:      lemuel_doored_altar, lightli_sewer_entry_pipes, first_bread,
          uniq_sigmund

Skill      XL: |  1  2  3  4  5 |
---------------+----------------+-----
Polearms       | 5 6 |  6.8
Short Blades   | 3 4 |  4.3
Fighting       | |  2.1
Throwing       | |  2.0
Dodging        | |  4.0

Action                   |  1- 3 |  4- 6 || total
-------------------------+-------+-------++-------
Melee: Trident           |   114 |       ||   114
       Dagger            |     6 |    68 ||    74
 Stab: Sleeping          |     2 |       ||     2
  Eat: Chunk             |     3 |     3 ||     6
Armor: Leather armour    |    18 |     3 ||    21
       Scale mail        |       |    24 ||    24
Dodge: Dodged            |    55 |    34 ||    89

Vault maps used:
D:1:      minmay_arrival_open_corners, dk_noncrumbling_2
D:3:      old_standard_altar, chequers_ecumenical_altar_simple_redux,
          hangedman_decor_slide_cut, uniq_ijyb, uniq_natasha
D:4:      lemuel_doored_altar, lightli_sewer_entry_pipes, first_bread,
          uniq_sigmund

Table legend:
 A = Turns spent in this place as a percentage of turns spent in the entire game.
 B = Non-inter-level travel turns spent in this place as a percentage of non-inter-level travel turns spent in the entire game.
 C = Inter-level travel turns spent in this place as a percentage of turns spent in this place.
 D = Turns resting spent in this place as a percentage of non-inter-level travel turns spent in this place.
 E = Turns spent auto-exploring this place as a percentage of non-inter-level travel turns spent in this place.
 F = Non-inter-level travel turns spent in this place divided by the number of levels of this place that you've seen.
                   A       B       C       D       E      F
               +-------+-------+-------+-------+-------+----------------------
         Total | 100.0 | 100.0 |   0.4 |   2.0 |   7.6 | 237.5
       Dungeon | 100.0 | 100.0 |   0.4 |   2.0 |   7.6 | 237.5
               +-------+-------+-------+-------+-------+----------------------

Table legend:
 A = Kills in this place as a percentage of kills in entire the game.
 B = Kills by you in this place as a percentage of kills by you in the entire game.
 C = Kills by friends in this place as a percentage of kills by friends in the entire game.
 D = Other kills in this place as a percentage of other kills in the entire game.
 E = Experience gained in this place as a percentage of experience gained in the entire game.
 F = Experience gained in this place divided by the number of levels of this place that you have seen.
                   A       B       C       D       E      F
               +-------+-------+-------+-------+-------+----------------------
         Total | 100.0 | 100.0 |  -nan |  -nan | 100.0 |  65.5
       Dungeon | 100.0 | 100.0 |  -nan |  -nan | 100.0 |  65.5
               +-------+-------+-------+-------+-------+----------------------
